 Dungeon Crawl Stone Soup version 0.29-a0-337-g68df138881 (webtiles) character file.

Game seed: 11699159736504154565

38 zeratav the Chopper (level 3, 31/31 HPs)
             Began as a Hill Orc Monk on Apr 16, 2022.
             Quit the game on level 2 of the Dungeon.
             The game lasted 00:02:37 (1438 turns).

zeratav the Chopper (Hill Orc Monk)                 Turns: 1438, Time: 00:02:38

Health: 31/31      AC:  3    Str: 15    XL:     3   Next: 43%
Magic:  3/3        EV: 12    Int: 10    God:
Gold:   96         SH:  0    Dex: 13    Spells: 2/2 levels left

rFire   . . .      SeeInvis +   a - +0 hand axe {axe}
rCold   . . .      Faith    .   (no shield)
rNeg    . . .      Spirit   .   i - +0 leather armour
rPois   .          Reflect  .   (no helmet)
rElec   .          Harm     .   (no cloak)
rCorr   .          Rampage  .   (no gloves)
Will    .....                   (no boots)
Stlth   ++........              (no amulet)
HPRegen 0.10/turn               h - ring of see invisible
MPRegen 0.08/turn               (no ring)

@: no status effects
A: no striking features
a: no special abilities


You were on level 2 of the Dungeon.
You visited 1 branch of the dungeon, and saw 2 of its levels.

You collected 96 gold pieces.


   Skills:
 - Level 3.6 Fighting
 + Level 5.8 Axes
 - Level 2.4 Dodging
 - Level 1.5 Stealth


You had 2 spell levels left.
You didn't know any spells.
Your spell library was empty.

Inventory:

Hand Weapons
 a - a +0 hand axe (weapon) {axe}
Armour
 i - a +0 leather armour (worn)
   (You found it on level 1 of the Dungeon)
Jewellery
 h - a ring of see invisible (left hand)
   (You found it on level 1 of the Dungeon)
Scrolls
 b - a scroll of blinking {unknown}
 d - a scroll of teleportation {unknown}
 f - a scroll of holy word {unknown}
 g - 3 scrolls of identify {unknown}
Potions
 c - a potion of ambrosia
 e - 2 potions of attraction {unknown}
 j - 6 potions of curing {unknown}

Dungeon Overview and Level Annotations

Branches:
Dungeon (2/15)

Altars:

#........####....
#.........#.......
#................
P..#......#.........
.Pā‰ˆā‰ˆ.......##.......
ā‰ˆā‰ˆP#.......#.#..
P.P#..#.....#.# #P
#..##.....## #.. ##@...#
... #.....# ... .......#
### #.......# #.......#
#.?.....# #......#.#
#.....#.#r


You could see a quokka (asleep).


Message History

There is a stone staircase leading up here.
You now have 78 gold pieces (gained 9).
There is a stone staircase leading up here.
You see here a rat corpse.
A bat comes into view.
A bat is nearby!
There is an escape hatch in the floor here.
The helpless bat fails to defend itself.
You slash the bat!
You kill the bat!
No target in view!
No target in view!
No target in view!
No target in view!
A kobold comes into view. It is wielding a +0 dagger.
A kobold is nearby!
The kobold shouts!
A hobgoblin comes into view.
A hobgoblin comes into view.
The hobgoblin hits you.
HP[-3]
You take 3 damage, and now have 28/31 hp.
You closely miss the hobgoblin.
The hobgoblin shouts!
You hit the kobold. The hobgoblin hits you. The kobold misses you.
HP[-1]
You take 1 damage, and now have 27/31 hp.
You hit the kobold.
You kill the kobold!
You barely miss the hobgoblin. The hobgoblin barely misses you.
You hit the hobgoblin but do no damage. The hobgoblin misses you.
You slash the hobgoblin!
You kill the hobgoblin!
You hit the hobgoblin but do no damage.
The hobgoblin hits you but does no damage.
You hit the hobgoblin.
You kill the hobgoblin!
No target in view!
No target in view!
No target in view!
No target in view!
No target in view!
No target in view!
An endoplasm comes into view.
HP[+1]
An endoplasm is nearby!
No target in view!
No target in view!
No target in view!
No target in view!
No target in view!
No target in view!
No target in view!
A hobgoblin comes into view.
HP[+3]
Your hp is fully restored (31).
The hobgoblin shouts!
You hit the hobgoblin but do no damage.
The hobgoblin hits you but does no damage.
You barely miss the hobgoblin. The hobgoblin closely misses you.
You hit the hobgoblin. The hobgoblin barely misses you.
You closely miss the hobgoblin. The hobgoblin barely misses you.
The endoplasm quivers.
You hit the hobgoblin but do no damage. The hobgoblin barely misses you.
You hit the hobgoblin but do no damage. The hobgoblin hits you.
HP[-2]
You take 2 damage, and now have 29/31 hp.
You closely miss the hobgoblin. The hobgoblin hits you.
HP[-1]
You take 1 damage, and now have 28/31 hp.
You slash the hobgoblin!
You kill the hobgoblin!
You hit the endoplasm. The endoplasm barely misses you.
You slash the endoplasm!
You kill the endoplasm!
No target in view!
No target in view!
No target in view!
No target in view!
No target in view!
No target in view!
You now have 86 gold pieces (gained 8).
g - 2 scrolls labelled ZUJIVICLIKH (gained 1)
Found a stone staircase leading down.
j - 4 metallic white potions (gained 1)
You see here a +0 dagger {short}.
HP[+3]
Your hp is fully restored (31).
Found a stone staircase leading up.
b - a scroll labelled XANAELUAMICH
g - 3 scrolls labelled ZUJIVICLIKH (gained 1)
Found a stone staircase leading down.
You now have 96 gold pieces (gained 10).
There is a stone staircase leading down here.
You see here a +0 spear {polearm}.
j - 6 metallic white potions (gained 2)
A quokka comes into view.
A quokka is nearby!
A quokka is nearby!
Are you sure you want to abandon this character and quit the game? (Confirm with "yes".)

Skill      XL: |  1  2 |
---------------+-------+-----
Axes           | 5 |  5.8
Fighting       | |  3.6
Dodging        | |  2.4
Stealth        | |  1.5

Action                   || total
-------------------------++-------
Melee: Hand axe          ||   120
 Stab: Sleeping          ||     7
Armor: Robe              ||    17
       Leather armour    ||     7
Dodge: Dodged            ||    80

Levels and vault maps discovered:
D:1:      lightli_molten_gateway, layout_loops_cross
D:2:      layout_rooms, basic_altar, shapermc_ecumenical_altar_hornbeckon,
          minmay_misc_feat_secret_circle, uniq_crazy_yiuf_cottage

Notes
Turn   | Place    | Note
-------+----------+-------------------------------------------
     0 | D:1      | zeratav the Hill Orc Monk began the quest for the Orb.
     0 | D:1      | Reached XP level 1. HP: 19/19 MP: 1/1
     0 | D:1      | magus.rc [v1.9.6]
   385 | D:1      | Reached XP level 2. HP: 19/26 MP: 2/2
   624 | D:1      | Reached skill level 5 in Axes
   967 | D:1      | Reached XP level 3. HP: 28/31 MP: 3/3
  1438 | D:2      | Quit the game

Vanquished Creatures
  A dart slug (D:1)
  2 ball pythons (D:1)
  2 endoplasms
  2 giant cockroaches (D:1)
  6 hobgoblins
  7 jackals (D:1)
  2 bats
  2 frilled lizards (D:1)
  A goblin (D:1)
  3 kobolds
  4 rats
32 creatures vanquished.

Table legend:
 A = Non-vault XP
 B = Vault XP
 C = Vault XP percentage of total XP
 D = Non-vault monster count
 E = Vault monster count
 F = Vault count percentage of total count
                 A         B        C        D         E       F
            +---------+---------+-------+---------+---------+-------
      Total |      55 |       0 |   0.0 |      32 |       0 |   0.0
            +---------+---------+-------+---------+---------+-------
        D:1 |      43 |       0 |   0.0 |      25 |       0 |   0.0
        D:2 |      12 |       0 |   0.0 |       7 |       0 |   0.0
            +---------+---------+-------+---------+---------+-------

Illustrated notes

Table legend:
 A = Kills in this place as a percentage of kills in entire the game.
 B = Kills by you in this place as a percentage of kills by you in the entire game.
 C = Kills by friends in this place as a percentage of kills by friends in the entire game.
 D = Other kills in this place as a percentage of other kills in the entire game.
 E = Experience gained in this place as a percentage of experience gained in the entire game.
 F = Experience gained in this place divided by the number of levels of this place that you have seen.
                   A       B       C       D       E      F
               +-------+-------+-------+-------+-------+----------------------
         Total | 100.0 | 100.0 |   N/A |   N/A | 100.0 |  27.5
       Dungeon | 100.0 | 100.0 |   N/A |   N/A | 100.0 |  27.5
               +-------+-------+-------+-------+-------+----------------------

Table legend: (Time is in decaauts)
 A = Elapsed time spent in this place.
 B = Non-inter-level travel time spent in this place.
 C = Inter-level travel time spent in this place.
 D = Time resting spent in this place.
 E = Time spent auto-exploring this place.
 F = Levels seen in this place.
 G = Mean time per level.
                   A        B        C        D        E       F      G
               +--------+--------+--------+--------+--------+-----+--------+
         Total |   1443 |   1425 |     18 |      0 |   1176 |   2 |  721.5 |
       Dungeon |   1443 |   1425 |     18 |      0 |   1176 |   2 |  721.5 |
               +--------+--------+--------+--------+--------+-----+--------+

Top non-repeatable levels by time:
     D:1: 1248 daAuts
     D:2: 195 daAuts
